 Dungeon Crawl Stone Soup version 0.13.0-25-g43d4df3 (webtiles) character file.

156 MDvedh the Cudgeler (level 4, 0/39 HPs)
             Began as an Ogre Necromancer on Oct 27, 2013.
             Succumbed to a kobold's poison
             ... on Level 3 of the Dungeon.
             The game lasted 00:05:23 (3922 turns).

MDvedh the Cudgeler (Ogre Necromancer)              Turns: 3922, Time: 00:05:23

HP   0/39        AC  3     Str 14      XL: 4   Next: 13%
MP   2/7         EV 10     Int 14      God:
Gold 91          SH  0     Dex 10      Spells:  2 memorised,  1 level left

Res.Fire  : . . .   See Invis. : .   d - -1,+0 orc club
Res.Cold  : . . .   Warding    : .   a - +0 robe
Life Prot.: . . .   Conserve   : .   (shield restricted)
Res.Poison: .       Res.Corr.  : .   (helmet restricted)
Res.Elec. : .       Clarity    : .   (no cloak)
Sust.Abil.: . .     Spirit.Shd : .   (gloves unavailable)
Res.Mut.  : .       Stasis     : .   (boots unavailable)
Res.Rott. : .       Flight     : .   (no amulet)
Saprovore : + . .                    (no ring)
                                     e - ring of protection from magic {unknown}

@: mildly poisoned, very slightly contaminated, somewhat resistant to hostile
enchantments, unstealthy
A: unfitting armour, fast metabolism 1, saprovore 1, tough skin 1
a: no special abilities


You were on level 3 of the Dungeon.
You were hungry.

You visited 1 branch of the dungeon, and saw 3 of its levels.

You collected 71 gold pieces.

Inventory:

Hand weapons
 d - a -1,+0 orcish club (weapon)
Armour
 a - a +0 robe (worn)
Comestibles
 c - 2 meat rations
Scrolls
 f - a scroll of enchant weapon II {unknown}
 g - 4 scrolls of identify {unknown}
 i - a scroll of fear {unknown}
 k - 4 scrolls of remove curse {unknown}
Jewellery
 e - a ring of protection from magic (left hand) {unknown}
 l - an uncursed amulet of guardian spirit {unknown}
Books
 b - a book of Necromancy

   Spells                             Type                      Level
   *Pain                              Necromancy                   1
   Animate Skeleton                   Necromancy                   1
   Lethal Infusion                    Charms/Necromancy            2
   Vampiric Draining                  Necromancy                   3
   *Regeneration                      Charms/Necromancy            3
   Animate Dead                       Necromancy                   4
   Control Undead                     Necromancy                   4


   Skills:
 - Level 1.5 Fighting
 + Level 4.4 Maces & Flails
 - Level 1.7 Dodging
 - Level 1.5 Stealth
 - Level 1.2 Spellcasting
 - Level 2.9 Necromancy


You had one spell level left.
You knew the following spells:

 Your Spells              Type           Power        Failure   Level  Hunger
a - Pain                  Necr           #...         10%         1    ##.....
b - Regeneration          Chrm/Necr      #.........   47%         3    ####...


Dungeon Overview and Level Annotations

Branches:
Dungeon (3/27)

Altars:


Innate Abilities, Weirdness & Mutations

You are too large for most types of armour.
You have a fast metabolism.
You can tolerate rotten meat.
You have tough skin (AC +1).


Message History

You feel a little better.
* * * LOW HITPOINT WARNING * * *
You feel sick.
* * * LOW HITPOINT WARNING * * *
You feel sick.
* * * LOW HITPOINT WARNING * * *
You feel sick.
You feel a little better.
Unknown command.
Casting: Regeneration
Confirm with . or Enter, or press ? or * to list all spells.
Okay, then.
Unknown command.
Unknown command.
You aren't carrying any potions.
* * * LOW HITPOINT WARNING * * *
You feel sick.
* * * LOW HITPOINT WARNING * * *
You feel sick.
You die...

#.# ... #.###
#.#.# #######)#.##
#..........#
#.#####(#..####'
#.# #(#....... #@#
#(#......
#.#####(#..###.
#.#...$......+
#.##....#..#.#
#.##....#..#.####.
#..+....+.........
####....#<.#.#####
#....#..#.#
#....#..#.#


There were no monsters in sight!

Vanquished Creatures
  2 adders
  A giant gecko (D:2)
  9 bats
  3 giant cockroaches
  4 hobgoblins
  4 jackals (D:2)
  7 kobolds
  3 giant newts
  8 goblins
  3 rats
44 creatures vanquished.

Notes
Turn   | Place    | Note
--------------------------------------------------------------
     0 | D:1      | MDvedh, the Ogre Necromancer, began the quest for the Orb.
     0 | D:1      | Reached XP level 1. HP: 16/16 MP: 3/3
    44 | D:1      | Reached skill level 1 in Fighting
   463 | D:1      | Reached skill level 1 in Maces & Flails
   463 | D:1      | Reached XP level 2. HP: 6/24 MP: 2/4
  1818 | D:2      | Reached XP level 3. HP: 28/31 MP: 1/5
  1832 | D:2      | Reached skill level 3 in Maces & Flails
  2045 | D:2      | Learned a level 3 spell: Regeneration
  2784 | D:3      | Reached skill level 4 in Maces & Flails
  3143 | D:3      | HP: 1/31 [worm (6)]
  3683 | D:2      | Reached XP level 4. HP: 12/39 MP: 0/7
  3920 | D:3      | HP: 1/39 [poisoned by a kobold]
  3922 | D:3      | Succumbed to a kobold's poison

Action                   |  1- 3 |  4- 6 || total
-------------------------+-------+-------++-------
Melee: Unarmed           |    46 |       ||    46
       Club              |   249 |     7 ||   256
 Cast: Pain              |    31 |       ||    31
  Use: Potion            |     3 |       ||     3
